 Dungeon Crawl Stone Soup version 0.27-a0-1189-gb8eb6cee8e (webtiles) character file.

Game seed: 16335568145563263017

438 freelancePsychic the Covert (level 6, -4/41 HPs)
             Began as a Vampire Necromancer on May 22, 2021.
             Was an Initiate of Kikubaaqudgha.
             Slain by a black bear (12 damage)
             ... on level 4 of the Dungeon on May 23, 2021.
             The game lasted 00:09:59 (4216 turns).

freelancePsychic the Covert (Vampire Necromancer)   Turns: 4216, Time: 00:10:00

Health: -4/41      AC:  3    Str:  7    XL:     6   Next: 69%
Magic:  0/9        EV: 12    Int: 20    God:    Kikubaaqudgha [......]
Gold:   260        SH:  0    Dex: 14    Spells: 5/9 levels left

rFire    + . .     SeeInvis +   h - +0 short sword
rCold    . . .     Faith    .   (no shield)
rNeg     . . .     Spirit   .   a - +0 robe
rPois    .         Reflect  .   r - +0 helmet
rElec    .         Harm     .   (no cloak)
rCorr    .         Rampage  .   (no gloves)
Will     .....                  (no boots)
Stlth    ++++......             (no amulet)
HPRegen  0.33/turn              g - ring of protection from fire
MPRegen  0.11/turn              (no ring)

@: healing quickly
A: alive, fangs 3, see invisible, vampiric 2
a: Exsanguinate, Renounce Religion


You were on level 4 of the Dungeon.
You worshipped Kikubaaqudgha.
Kikubaaqudgha was noncommittal.
You visited 2 branches of the dungeon, and saw 5 of its levels.

You collected 260 gold pieces.

Inventory:

Hand Weapons
 h - a +0 short sword (weapon)
Missiles
 s - a throwing net
Armour
 a - a +0 robe (worn)
 r - a +0 helmet (worn)
Jewellery
 g - a ring of protection from fire (left hand)
 k - an amulet of the acrobat
Scrolls
 b - 2 scrolls of enchant armour {unknown}
 c - 2 scrolls of identify {unknown}
 e - a scroll of holy word {unknown}
 f - a scroll of magic mapping {unknown}
 m - 2 scrolls of teleportation {unknown}
 n - a scroll of amnesia {unknown}
 o - a scroll of torment {unknown}
 p - 2 scrolls of enchant weapon {unknown}
 q - a scroll of blinking {unknown}
 t - 2 scrolls of fear {unknown}
Potions
 i - a potion of attraction {unknown}
 j - a potion of haste {unknown}
 l - 2 potions of curing {unknown}


   Skills:
 - Level 4.1 Short Blades
 - Level 2.1 Dodging
 + Level 8.3 Stealth
 - Level 2.0 Spellcasting
 + Level 5.3 Necromancy


You had 5 spell levels left.
You knew the following spells:

 Your Spells              Type           Power      Damage    Failure   Level
a - Pain                  Necr           92%        1d8       1%          1
b - Vampiric Draining     Necr           11%        2d7       5%          3

Your spell library contained the following spells:

 Spells                   Type           Power      Damage    Failure   Level
 Animate Skeleton         Necr           46%        N/A       1%          1
 Animate Dead             Necr           11%        N/A       17%         4
 Agony                    Necr           23%        N/A       43%         5


Dungeon Overview and Level Annotations

Branches:
Dungeon (4/15)             Temple (1/1) D:4

Altars:
Ashenzari
Dithmenos
Elyvilon
Gozag
Kikubaaqudgha
Makhleb
Nemelex Xobeh
Okawaru
Qazlal
Ru
Trog
Uskayaw
Vehumet
Wu Jian
Xom
Yredelemnul
Zin

Shops:
D:1 [


Innate Abilities, Weirdness & Mutations

Your natural rate of healing is accelerated.
You have razor-sharp teeth.
You have supernaturally acute eyesight. (SInv)
You are afflicted with vampirism and can become a bat while bloodless.


Message History

You miss the quokka.
The quokka bites you but does no damage.
You closely miss the quokka. The quokka barely misses you.
You barely miss the quokka. The quokka barely misses you. The quokka bites you.
You are too injured to fight recklessly!
You hit the quokka.
The quokka is heavily wounded.
The quokka closely misses you.
You hit the quokka.
The quokka is severely wounded.
The quokka closely misses you.
You hit the quokka.
You kill the quokka!
Kikubaaqudgha accepts your kill.
Casting: Vampiric Draining (dangerous; 5% risk of failure)
Confirm with . or Enter, or press ? or * to list all spells.
Aiming: Pain (safe; 1% risk of failure)
Press: ? - help, Shift-Dir - straight line, f/p - black bear
Aim: a black bear (heavily wounded, chance to affect: 83%)
The black bear barely resists.
The black bear bites you. The black bear closely misses you.
The black bear misses you.
You hit the black bear.
The black bear is heavily wounded.
You hit the black bear.
The black bear is severely wounded.
The black bear bites you. The black bear claws you. x2
* * * LOW HITPOINT WARNING * * *
The black bear goes berserk!
Casting: Pain (safe; 1% risk of failure)
Confirm with . or Enter, or press ? or * to list all spells.
Aiming: Vampiric Draining (dangerous; 5% risk of failure)
Press: ? - help, Shift-Dir - straight line, f/p - black bear
Aim: a black bear (severely wounded, berserk)
You draw life force from the black bear!
You feel life coursing into your body. The black bear misses you.
The black bear claws you. x2
* * * LOW HITPOINT WARNING * * *
The black bear bites you!
You die...
Kikubaaqudgha rasps: "You have failed me!
Welcome... death!"

##..........#
##..###......
##...........#
#..## #######
##............#
####
#.............#
#...>.........#
##............#
###...........#
###.............#
###....##.......@##
#....#####......h#
..#### ##......#
### ##...#.# #
###.#.# ###.# #.#
#.# #.#


You could see a black bear (berserk).

Vanquished Creatures
  An ogre (D:4)
  A scorpion (D:4)
  2 hounds
  Ijyb (D:3)
  2 iguanas (D:4)
  A hound zombie (D:3)
  8 adders
  An adder skeleton (D:2)
  3 worms
  2 dart slugs
  2 orcs (D:3)
  4 bats
  5 endoplasms
  5 giant cockroaches
  4 hobgoblins
  3 jackals (D:3)
  5 kobolds
  2 quokkas
  4 ball pythons
  2 ball python zombies (D:3)
  3 frilled lizards
  6 goblins
  4 rats
71 creatures vanquished.

Vanquished Creatures (others)
  7 withered plants (D:3)
7 creatures vanquished.

Grand Total: 78 creatures vanquished

Notes
Turn   | Place    | Note
-------+----------+-------------------------------------------
     0 | D:1      | freelancePsychic the Vampire Necromancer began the quest
                  | for the Orb.
     0 | D:1      | Reached XP level 1. HP: 13/13 MP: 3/3
   220 | D:1      | Reached skill level 1 in Short Blades
   342 | D:1      | Reached XP level 2. HP: 18/19 MP: 3/5
   410 | D:1      | Found Tycuiru's Armour Emporium.
   582 | D:1      | Reached skill level 4 in Stealth
   699 | D:1      | Found a faded altar of an unknown god.
  1214 | D:2      | Gained mutation: You are afflicted with vampirism and can
                  | become a bat while bloodless. [Vampire growth]
  1214 | D:2      | Reached XP level 3. HP: 24/24 MP: 6/6
  1594 | D:2      | Reached skill level 5 in Stealth
  2200 | D:3      | Reached XP level 4. HP: 29/30 MP: 5/7
  2921 | D:3      | Noticed Ijyb
  2922 | D:3      | Paralysed by Ijyb for 5 turns
  2932 | D:3      | Paralysed by Ijyb for 6 turns
  2947 | D:3      | Paralysed by Ijyb for 4 turns
  3034 | D:3      | Killed Ijyb
  3035 | D:3      | Reached skill level 6 in Stealth
  3135 | D:3      | Reached XP level 5. HP: 28/35 MP: 8/8
  3398 | D:3      | Learned a level 3 spell: Vampiric Draining
  3519 | D:4      | Found a staircase to the Ecumenical Temple.
  3528 | Temple   | Entered the Ecumenical Temple
  3534 | Temple   | Became a worshipper of Kikubaaqudgha
  3581 | D:4      | Reached skill level 7 in Stealth
  3694 | D:4      | Reached XP level 6. HP: 41/41 MP: 5/9
  3826 | D:4      | Reached skill level 5 in Necromancy
  3839 | D:4      | Reached skill level 8 in Stealth
  4216 | D:4      | Slain by a black bear

Illustrated notes

Levels and vault maps discovered:
D:1:      psy_arrival_conway, layout_basic, hellmonk_ecumenical_altar_zigzags,
          serial_forest, infiniplex_forest_straight_1,
          infiniplex_forest_straight_2, infiniplex_forest_corner_2,
          infiniplex_forest_end_1, infiniplex_forest_clump_C,
          infiniplex_forest_side_room, serial_shops, nicolae_shop_stone
D:2:      layout_basic
D:3:      layout_basic, serial_undead, serial_undead_b, serial_undead_b,
          serial_undead_e, serial_undead_e, serial_undead_b, uniq_ijyb,
          uniq_crazy_yiuf_cottage
D:4:      layout_cave_pods, minmay_temple_entry_grid,
          biasface_ghost_orc_armoury, minmay_pentangle
Temple:   dpeg_three_leaves_temple

Skill      XL: |  1  2  3  4  5  6 |
---------------+-------------------+-----
Short Blades   | 1 2 3 4 |  4.1
Stealth        | 4 5 6 7 8 |  8.3
Necromancy     | 5 |  5.3
Dodging        | |  2.1
Spellcasting   | |  2.0

Action                   |  1- 3 |  4- 6 || total
-------------------------+-------+-------++-------
Melee: Unarmed           |    25 |       ||    25
       Bite              |     4 |     8 ||    12
       Short sword       |    27 |   134 ||   161
 Cast: Pain              |    51 |    36 ||    87
       Vampiric Draining |       |    16 ||    16
  Use: Potion            |       |     1 ||     1
 Stab: Sleeping          |     3 |     5 ||     8
       Distracted        |     1 |       ||     1
Armor: Robe              |    10 |    33 ||    43
Dodge: Dodged            |    41 |   106 ||   147

Table legend: (Time is in decaauts)
 A = Elapsed time spent in this place.
 B = Non-inter-level travel time spent in this place.
 C = Inter-level travel time spent in this place.
 D = Time resting spent in this place.
 E = Time spent auto-exploring this place.
 F = Levels seen in this place.
 G = Mean time per level.
                   A        B        C        D        E       F      G
               +--------+--------+--------+--------+--------+-----+--------+
         Total |   4210 |   4124 |     86 |     26 |   3399 |   5 |  842.0 |
       Dungeon |   4177 |   4091 |     86 |     26 |   3375 |   4 | 1044.2 |
        Temple |     32 |     32 |      0 |      0 |     24 |   1 |   32.0 |
               +--------+--------+--------+--------+--------+-----+--------+

Top non-repeatable levels by time:
     D:3: 1259 daAuts
     D:2: 1113 daAuts
     D:1: 991 daAuts
     D:4: 813 daAuts
  Temple: 32 daAuts
